 Dungeon Sprint DCSS version 0.27-a0-1140-g099f9bb0e8 (webtiles) character file.

Game seed: 4322155999820554255

20 mhtbhm the Firebug (level 2, -1/22 HPs)
             Began as a Deep Elf Fire Elementalist on May 9, 2021.
             Was a Believer of Vehumet.
             Succumbed to a scorpion's poison
             ... in the Dungeon (Sprint VII: "The Pits").
             The game lasted 00:01:12 (780 turns).

mhtbhm the Firebug (Deep Elf Fire Elementalist)      Turns: 780, Time: 00:01:12

Health: -1/22      AC:  2    Str:  5    XL:     2   Next: 58%
Magic:  5/9        EV: 13    Int: 19    God:    Vehumet [**....]
Gold:   0          SH:  0    Dex: 15    Spells: 8/9 levels left

rFire    . . .     SeeInvis .   k - +2 quarterstaff
rCold    . . .     Faith    .   (shield currently unavailable)
rNeg     . . .     Spirit   .   a - +0 robe
rPois    .         Reflect  .   (no helmet)
rElec    .         Harm     .   (no cloak)
rCorr    .         Rampage  .   (no gloves)
Will     .....     NoTele   +   (no boots)
Stlth    ..........             (no amulet)
HPRegen  0.07/turn              (no ring)
MPRegen  0.11/turn              (no ring)

@: berserking, lethally poisoned (-1 -> -9), very quick
A: no striking features
a: Renounce Religion


You were in the Dungeon.
You worshipped Vehumet.
Vehumet was pleased with you.
You visited 1 branch

Inventory:

Hand Weapons
 k - a +2 quarterstaff (weapon)
Armour
 a - a +0 robe (worn)
Scrolls
 h - a scroll of blinking
 i - 5 scrolls of amnesia
 j - a scroll of summoning
Potions
 b - 2 potions of invisibility
 f - 4 potions of magic
 g - 2 potions of berserk rage


   Skills:
 + Level 3.3 Dodging
 + Level 3.1 Stealth
 + Level 4.4 Spellcasting
 + Level 1.5 Conjurations
 + Level 5.2 Fire Magic


You had 8 spell levels left.
You knew the following spells:

 Your Spells              Type           Power      Damage    Failure   Level
a - Foxfire               Conj/Fire      68%        2x1d7     3%          1

Your spell library contained the following spells:

 Spells                   Type           Power      Damage    Failure   Level
 Searing Ray              Conj           20%        3d3       11%         2
 Conjure Flame            Conj/Fire      17%        6-21      10%         3
 Inner Flame              Hex/Fire       14%        N/A       13%         3
 Sticky Flame             Conj/Fire      17%        2d4       32%         4
 Fireball                 Conj/Fire      8%         3d6       65%         5


Dungeon Overview and Level Annotations

Branches:
Dungeon (1/1)

Altars:
Ashenzari
Cheibriados
Dithmenos
Elyvilon
Fedhas
Gozag
Hepliaklqana
Kikubaaqudgha
Makhleb
Nemelex Xobeh
Okawaru
Qazlal
Ru
Sif Muna
Trog
Uskayaw
Vehumet
Wu Jian
Xom
Yredelemnul
Zin
The Shining One
Beogh
Jiyva
Lugonu


Message History

Confirm with . or Enter, or press ? or * to list all spells.
You conjure some foxfire!
The scorpion closely misses you.
Unknown command.
The foxfire hits the scorpion but does no damage.
The scorpion is moderately wounded.
The foxfire hits the scorpion.
The scorpion is moderately wounded.
The scorpion closely misses you.
There is an open door here.
The scorpion closely misses you.
You see here a ball python skeleton.
Casting: Foxfire (safe; 3% risk of failure)
Confirm with . or Enter, or press ? or * to list all spells.
You conjure some foxfire!
The scorpion stings you!
Ouch! That really hurt!
Unknown command.
The foxfire hits the scorpion but does no damage.
The scorpion is moderately wounded.
The foxfire hits the scorpion but does no damage.
The scorpion is moderately wounded.
Casting: Foxfire (safe; 3% risk of failure)
Confirm with . or Enter, or press ? or * to list all spells.
Okay, then.
Unknown command.
You feel better. The scorpion stings you!
You are lethally poisoned!
The scorpion poisons you!
A red film seems to cover your vision as you go berserk!
You feel yourself moving faster!
You feel mighty!
You feel very sick. The scorpion stings you.
* * * LOW HITPOINT WARNING * * *
You closely miss the scorpion.
The scorpion is moderately wounded.
* * * LOW HITPOINT WARNING * * *
You feel sick. The scorpion stings you.
* * * LOW HITPOINT WARNING * * *
You barely miss the scorpion.
The scorpion is moderately wounded.
You die...

#_________.#
#_______...###########++
##########'##...........
#.?(.')))'.##......#..#.
##########.##...........
#...........'.........).
#+#####'#####......#..#.
#..#..# #...........
#..'s@# ####'#####++
#..#### #.......# #..#
#.......# #†.# #.......#
##'# #...<...#
#.....S..##.......#
#....s...##.......#
###########.......#
#########


You could see a scorpion.

Vanquished Creatures
  A gnoll (D)
  An ufetubus (D)
  A hobgoblin (D)
  2 ball pythons (D)
  A frilled lizard (D)
  A giant cockroach zombie (D)
7 creatures vanquished.

Vanquished Creatures (others)
  33 foxfires (D)
33 creatures vanquished.

Grand Total: 40 creatures vanquished

Notes
Turn   | Place    | Note
-------+----------+-------------------------------------------
     0 | D        | mhtbhm the Deep Elf Fire Elementalist began the quest for
                  | the Orb.
     0 | D        | Reached XP level 1. HP: 10/10 MP: 6/6
    24 | D        | Reached skill level 4 in Fire Magic
   171 | D        | Found a bloodstained altar of Trog.
   171 | D        | Found a shimmering blue altar of Sif Muna.
   171 | D        | Found a viscous altar of Jiyva.
   171 | D        | Found a hazy altar of Hepliaklqana.
   171 | D        | Found an opulent altar of Gozag.
   172 | D        | Found a glowing golden altar of the Shining One.
   172 | D        | Found a glowing silver altar of Zin.
   172 | D        | Found a basalt altar of Yredelemnul.
   172 | D        | Found a shimmering altar of Xom.
   172 | D        | Found an ornate altar of the Wu Jian Council.
   172 | D        | Found a sacrificial altar of Ru.
   172 | D        | Found a stormy altar of Qazlal.
   172 | D        | Found an iron altar of Okawaru.
   172 | D        | Found a sparkling altar of Nemelex Xobeh.
   172 | D        | Found a burning altar of Makhleb.
   172 | D        | Found a blossoming altar of Fedhas.
   172 | D        | Found a white marble altar of Elyvilon.
   172 | D        | Found a shadowy altar of Dithmenos.
   172 | D        | Found a snail-covered altar of Cheibriados.
   174 | D        | Found a radiant altar of Vehumet.
   174 | D        | Found a corrupted altar of Lugonu.
   175 | D        | Found a hide-covered altar of Uskayaw.
   175 | D        | Found an ancient bone altar of Kikubaaqudgha.
   175 | D        | Found a broken altar of Ashenzari.
   184 | D        | Became a worshipper of Vehumet
   257 | D        | Reached skill level 5 in Fire Magic
   257 | D        | Reached XP level 2. HP: 3/15 MP: 2/9
   503 | D        | Reached * piety under Vehumet
   503 | D        | Offered knowledge of Shock by Vehumet.
   757 | D        | Noticed a scorpion
   766 | D        | Offered knowledge of Searing Ray by Vehumet.
   766 | D        | Reached ** piety under Vehumet
   779 | D        | HP: 1/22 [scorpion (1)]
   780 | D        | Succumbed to a scorpion's poison

Illustrated notes

Levels and vault maps discovered:
D:        pitsprint [storerooms_1, entrance_room_1, metal_vault_4, armoury_2,
          mini_pit_1, grid_room_1, main_hall_1, silver_pit, the_coven_3,
          the_vestibule_1, steel_vault_4, golden_pit, hallway_of_sentries,
          crystal_vault_2, iron_vault_1, final_vault]

Skill      XL: |  1 |
---------------+----+-----
Fire Magic     | 5 |  5.2
Dodging        | 3 |  3.3
Stealth        | 3 |  3.1
Spellcasting   | 4 |  4.4
Conjurations   | |  1.5

Action                   || total
-------------------------++-------
Melee: Quarterstaff      ||     2
 Cast: Foxfire           ||    19
  Use: Potion            ||     4
Armor: Robe              ||     2
Dodge: Dodged            ||    15

Table legend: (Time is in decaauts)
 A = Elapsed time spent in this place.
 B = Non-inter-level travel time spent in this place.
 C = Inter-level travel time spent in this place.
 D = Time resting spent in this place.
 E = Time spent auto-exploring this place.
 F = Levels seen in this place.
 G = Mean time per level.
                   A        B        C        D        E       F      G
               +--------+--------+--------+--------+--------+-----+--------+
         Total |    762 |    762 |      0 |    566 |      0 |   1 |  762.0 |
       Dungeon |    762 |    762 |      0 |    566 |      0 |   1 |  762.0 |
               +--------+--------+--------+--------+--------+-----+--------+

Top non-repeatable levels by time:
       D: 762 daAuts
